 Dungeon Crawl Stone Soup version 0.25-a0-100-g33052ceff8 (webtiles) character file.

Game seed: 5595832921814723480, levelgen mode: deterministic

254 vurker the Magician (level 5, -4/38 HPs)
             Began as a Mummy Fire Elementalist on Nov 14, 2019.
             Killed from afar by an orc wizard (12 damage)
             ... with a puff of flame
             ... on level 4 of the Dungeon.
             The game lasted 00:05:45 (4389 turns).

vurker the Magician (Mummy Fire Elementalist)       Turns: 4389, Time: 00:05:46

Health: -4/38      AC:  2    Str: 11    XL:     5   Next: 91%
Magic:  11/21      EV: 12    Int: 16    God:
Gold:   261        SH:  0    Dex: 12    Spells: 12/13 levels left

rFire    x . .     SeeInvis .   b - +0 dagger
rCold    + . .     Gourm    .   (no shield)
rNeg     + + +     Faith    .   a - +0 robe
rPois    ∞         Spirit   .   (no helmet)
rElec    .         Reflect  .   (no cloak)
rCorr    .         Harm     .   (no gloves)
MR       .....                  (no boots)
Stlth    ++........             (no amulet)
HPRegen  0.12/turn              d - ring of wizardry
MPRegen  0.17/turn              j - ring of magical power

@: no status effects
A: no food or potions, fire vulnerability, cold resistance 1, negative energy
resistance 3, torment resistance, unbreathing
a: no special abilities


You were on level 4 of the Dungeon.
You were not hungry.

You visited 1 branch of the dungeon, and saw 4 of its levels.

You collected 261 gold pieces.

Inventory:

Hand Weapons
 b - a +0 dagger (weapon)
   (You took it off a kobold on level 1 of the Dungeon)
Armour
 a - a +0 robe (worn)
Jewellery
 d - a ring of wizardry (left hand)
   (You found it on level 1 of the Dungeon)
 e - an uncursed ring of protection from cold
   (You found it on level 1 of the Dungeon)
 j - a ring of magical power (right hand)
   (You found it on level 4 of the Dungeon)
 m - an uncursed ring of resist corrosion
   (You found it on level 3 of the Dungeon)
Wands
 u - a wand of paralysis (3)
   (You took it off Ijyb on level 3 of the Dungeon)
Scrolls
 c - 3 scrolls of remove curse
 f - 5 scrolls of amnesia
 g - a scroll of fog {unknown}
 h - a scroll of noise {unknown}
 i - a scroll of immolation {unknown}
 k - a scroll of blinking {unknown}
 l - a scroll of enchant armour {unknown}
 n - 2 scrolls of magic mapping {unknown}


   Skills:
 + Level 1.7 Fighting
 - Level 1.5 Dodging
 - Level 1.5 Stealth
 * Level 4.7 Spellcasting
 * Level 2.6 Conjurations
 * Level 3.5 Fire Magic


You had 12 spell levels left.
You knew the following spells:

 Your Spells              Type           Power        Failure   Level  Hunger
a - Flame Tongue          Conj/Fire      ##...        1%          1    N/A

Your spell library contained the following spells:

 Spells                   Type           Power        Failure   Level  Hunger
 Throw Flame              Conj/Fire      ##....       2%          2    N/A
 Conjure Flame            Conj/Fire      ##......     5%          3    N/A
 Inner Flame              Hex/Fire       #.......     9%          3    N/A
 Sticky Flame             Conj/Fire      ##......     17%         4    N/A
 Fireball                 Conj/Fire      ##........   43%         5    N/A

Dungeon Overview and Level Annotations

Branches:
Dungeon (4/15)
 Temple: D:4-7

Altars:
Uskayaw
Xom

Shops:
D:4 }


Innate Abilities, Weirdness & Mutations

You do not eat or drink.
Your flesh is vulnerable to fire.
You are immune to poison.
Your flesh is cold resistant. (rC+)
You are immune to negative energy. (rN+++)
You are immune to unholy pain and torment.
You can survive without breathing.


Message History

The flame tongue hits the orc wizard.
The orc wizard gestures wildly while chanting.
The orc wizard blinks!
The orc closely misses you.
Aim: an orc, wielding a +0 dagger The flame tongue misses the orc.
The orc wizard mumbles some strange words.
The orc wizard blinks!
Aim: an orc, wielding a +0 dagger The flame tongue hits something but does no damage.
Aim: an orc, wielding a +0 dagger The flame tongue hits the orc.
The orc wizard gestures at you while chanting.
The magic dart hits something!
Something completely misses you.
Aim: an orc, wielding a +0 dagger (moderately wounded)
The flame tongue hits something.
Something hits you but does no damage. The orc barely misses you.
Aim: an orc, wielding a +0 dagger (moderately wounded)
The flame tongue hits the orc!
You kill the orc!
Aim: an orc wizard, wielding a +4 dagger and wearing a +0 robe (severely wounded)
The flame tongue hits something.
The orc wizard casts a spell.
The orc wizard blinks!
You hear some strange, mumbled words.
You are confused.
You bump into the rock wall.
Something hits you.
* * * LOW HITPOINT WARNING * * *
You bump into the rock wall.
You hear some strange, mumbled words.
A puff of flame appears from out of thin air!
The puff of flame hits you! The fire burns you terribly!
* * * LOW HITPOINT WARNING * * *
You bump into the rock wall.
Something hits you but does no damage.
You closely miss something. Something barely misses you.
You bump into the rock wall.
You feel less confused. Something hits you.
* * * LOW HITPOINT WARNING * * *
Something hits you.
* * * LOW HITPOINT WARNING * * *
Aim: an orc wizard, wielding a +4 dagger and wearing a +0 robe (severely wounded)
The flame tongue hits the orc wizard.
The orc wizard gestures at you while chanting.
You hear some strange, mumbled words.
A puff of flame appears from out of thin air!
The puff of flame hits you! The fire burns you terribly!
You die...

########### #.........#
# #.........# #
#..[......# #
#.........# #
#...∩o....# #
#......o... #{# ### #@#
..# #######.# #.#
#.....#.# ######.#
#.......# #...##.##
#......## #...##..##
#......# #.....#..#####
####..†####......#.....>
#......##.......######
#..###..#...#....#


You could see an orc wizard.

Vanquished Creatures
  2 orc wizards (D:3)
  Ijyb (D:3)
  7 adders
  2 oozes
  6 worms
  A dart slug (D:3)
  A leopard gecko (D:3)
  6 orcs
  10 bats
  6 giant cockroaches
  7 goblins
  3 hobgoblins
  5 jackals
  3 quokkas
  7 frilled lizards
  6 kobolds
  2 rats
75 creatures vanquished.

Notes
Turn   | Place    | Note
-------+----------+-------------------------------------------
     0 | D:1      | vurker the Mummy Fire Elementalist began the quest for the
                  | Orb.
     0 | D:1      | Reached XP level 1. HP: 13/13 MP: 4/4
   174 | D:1      | Reached skill level 1 in Conjurations
   467 | D:1      | Reached skill level 3 in Spellcasting
   467 | D:1      | Reached XP level 2. HP: 19/19 MP: 3/6
  1028 | D:2      | Found a shimmering altar of Xom.
  1319 | D:2      | Reached XP level 3. HP: 25/25 MP: 3/7
  1365 | D:2      | Found a hide-covered altar of Uskayaw.
  1861 | D:2      | Reached skill level 1 in Fighting
  2386 | D:2      | Reached XP level 4. HP: 32/32 MP: 7/9
  2858 | D:3      | Reached skill level 4 in Spellcasting
  2863 | D:3      | Reached XP level 5. HP: 31/37 MP: 1/11
  3144 | D:3      | Noticed Ijyb
  3153 | D:3      | Paralysed by Ijyb for 2 turns
  3155 | D:3      | Killed Ijyb
  4362 | D:4      | Found Zared's Gadget Emporium.
  4389 | D:4      | Killed from afar by an orc wizard

Levels and vault maps discovered:
D:1:      ncdulo_wetmaze, layout_loops_corners
D:2:      layout_loops_corners, old_standard_altar,
          eat_drink_and_be_merry_uskayaw, kennysheep_generic_room_13
D:3:      layout_loops_ring, uniq_ijyb
D:4:      layout_rooms, serial_shops, shop, nicolae_shop_trees,
          kennysheep_mini_moat, serial_bayou_lake_a

Skill      XL: |  1  2  3  4 |
---------------+-------------+-----
Conjurations   | 1 2 |  2.6
Spellcasting   | 3 4 |  4.7
Fighting       | 1 |  1.7
Fire Magic     | 3 |  3.5
Dodging        | |  1.5
Stealth        | |  1.5

Action                   |  1- 3 |  4- 6 || total
-------------------------+-------+-------++-------
Melee: Dagger            |     4 |     2 ||     6
 Cast: Flame Tongue      |    66 |   115 ||   181
  Use: Scroll            |       |     2 ||     2
 Stab: Sleeping          |     1 |       ||     1
Armor: Robe              |     1 |     3 ||     4
Dodge: Dodged            |    18 |    39 ||    57

Table legend:
 A = Non-vault XP
 B = Vault XP
 C = Vault XP percentage of total XP
 D = Non-vault monster count
 E = Vault monster count
 F = Vault count percentage of total count
                 A         B        C        D         E       F
            +---------+---------+-------+---------+---------+-------
      Total |     312 |      52 |  14.3 |      73 |       2 |   2.7
            +---------+---------+-------+---------+---------+-------
        D:1 |      28 |       0 |   0.0 |      13 |       0 |   0.0
        D:2 |      56 |      13 |  18.8 |      20 |       1 |   4.8
        D:3 |     169 |      39 |  18.8 |      30 |       1 |   3.2
        D:4 |      59 |       0 |   0.0 |      10 |       0 |   0.0
            +---------+---------+-------+---------+---------+-------
